 Dungeon Crawl Stone Soup version 0.32-a0-872-g59262bdc9b (webtiles) character file.

Game seed: 1064925868321890338

168 Heh the Trooper (level 5, -1/34 HPs)
             Began as an Octopode Fighter on Mar 31, 2024.
             Slain by a gnoll
             ... wielding a +0 whip
              (6 damage)
             ... on level 3 of the Dungeon.
             The game lasted 00:02:28 (2310 turns).

Heh the Trooper (Octopode Fighter)                  Turns: 2310, Time: 00:02:29

Health: -1/34      AC:  1    Str: 15    XL:     5   Next: 48%
Magic:  5/5        EV: 13    Int: 11    God:
Gold:   121        SH:  4    Dex: 13    Spells: 4/4 levels left

rFire   . . .        a - +0 long sword
rCold   . . .        b - +0 buckler
rNeg    . . .        (helmet restricted)
rPois   +            (no amulet)
rElec   .            (no ring)
rCorr   .            (no ring)
SInv    .            (no ring)
Will    +....        (no ring)
Stlth   ++           (no ring)
HPRegen 0.25/turn    (no ring)
MPRegen 0.09/turn    (no ring)
                     (no ring)

%: no passive effects
@: enlightened, flying
A: almost no armour, amphibious, 8 rings, camouflage 1, gelatinous body 1,
(nimble swimmer 1), tentacles, frail 1, poison resistance, MP-powered wands
a: no special abilities


You were on level 3 of the Dungeon.
You visited 1 branch of the dungeon, and saw 3 of its levels.

You collected 121 gold pieces.

Inventory:

Hand Weapons
 a - a +0 long sword (weapon)
Armour
 b - a +0 buckler (worn)
Scrolls
 e - a scroll of brand weapon {unknown}
 g - 3 scrolls of teleportation {unknown}
 h - 2 scrolls of identify {unknown}
 i - 2 scrolls of poison {unknown}
 j - a scroll of acquirement {unknown}
 k - 2 scrolls of fog {unknown}
 o - a scroll of fear {unknown}
 q - a scroll of noise {unknown}
Potions
 c - a potion of might
 d - a potion of brilliance {unknown}
 f - a potion of lignification {unknown}
 l - a potion of attraction {unknown}
 m - a potion of curing {unknown}
 n - a potion of enlightenment
 p - a potion of invisibility {unknown}


   Skills:
 + Level 4.8 Fighting
 - Level 2.0 Long Blades
 + Level 4.6 Dodging
 - Level 3.0 Shields


You had 4 spell levels left.
You didn't know any spells.
Your spell library was empty.

Dungeon Overview and Level Annotations

Branches:
Dungeon (3/15)

Altars:

Shops:
D:1 (


Innate Abilities, Weirdness & Mutations

You cannot wear most types of armour.
You are amphibious.
You can wear up to eight rings at the same time.
Your skin changes colour to match your surroundings (Stealth+).
Your rubbery body absorbs attacks. (AC +1, EV +1)
((You are camouflaged when in or above water. (Stealth+)))
You have tentacles for arms and can constrict up to eight enemies at once.
You are frail. (-10% HP)
Your system is resistant to poisons. (rPois)
You expend magic power (3 MP) to strengthen your wands.


Message History

You are too injured to fight recklessly!
You are too injured to fight recklessly!
You are too injured to fight recklessly!
You are too injured to fight recklessly!
You are too injured to fight recklessly!
You are too injured to fight recklessly!
You are too injured to fight recklessly!
You are too injured to fight recklessly!
You are too injured to fight recklessly!
You are too injured to fight recklessly!
You are too injured to fight recklessly!
You are too injured to fight recklessly!
You are too injured to fight recklessly!
You are too injured to fight recklessly!
You are too injured to fight recklessly!
You are too injured to fight recklessly!
You are too injured to fight recklessly!
You are too injured to fight recklessly!
Unknown command.
You release your grip on the gnoll.
The gnoll attacks as it pursues you! You block the gnoll's attack.
You hit the gnoll but do no damage. You grab the gnoll. You squeeze the gnoll.
The gnoll is almost dead.
You constrict the gnoll.
You kill the gnoll!
The gnoll hits you with a +0 spear.
* * * LOW HITPOINT WARNING * * *
Things that are here:
a +0 whip; a gnoll corpse You slash the gnoll!
You grab the gnoll.
The gnoll is heavily wounded.
You constrict the gnoll. The gnoll hits you with a +0 spear.
* * * LOW HITPOINT WARNING * * *
It was a potion of enlightenment.
You feel very buoyant.
You fly up into the air.
You constrict the gnoll.
You kill the gnoll!
You barely miss the gnoll. You grab the gnoll. You constrict the gnoll!
The gnoll hits you with a +0 whip.
You die...

#...#... ## #.#####.
.. #...#... #.
##..#.## #. #....##
#. ####.....# #.
#.........
######.####
#.##.....#
......)g@.#
#.##..(.##
######.##.#
#.##.#.###
#.##.######.##.#.###
#...........##......
####.............###
###############


You could see a gnoll.

Vanquished Creatures
  A bombardier beetle (D:3)
  3 gnolls (D:3)
  3 adders
  A dart slug (D:2)
  A ribbon worm (D:3)
  An orc (D:3)
  4 bats
  6 endoplasms
  2 giant cockroaches
  5 goblins
  5 hobgoblins
  8 jackals
  4 kobolds (D:1)
  A quokka (D:2)
  5 ball pythons
  8 frilled lizards
  10 rats
68 creatures vanquished.

Notes
Turn   | Place    | Note
-------+----------+-------------------------------------------
     0 | D:1      | Heh the Octopode Fighter began the quest for the Orb.
     0 | D:1      | Reached XP level 1. HP: 16/16 MP: 1/1
   141 | D:1      | Reached XP level 2. HP: 19/21 MP: 2/2
   362 | D:1      | Found Xeowuota's Antique Weapon Shop.
   509 | D:1      | Reached XP level 3. HP: 24/27 MP: 3/3
  1040 | D:1      | Gained mutation: Your system is resistant to poisons.
                  | (rPois) [potion of mutation]
  1040 | D:1      | Gained mutation: You have hidden genetic defects. [potion
                  | of mutation]
  1040 | D:1      | Gained mutation: You expend magic power (3 MP) to
                  | strengthen your wands. [potion of mutation]
  1040 | D:1      | Gained mutation: You possess an exceptional clarity of
                  | mind. [potion of mutation]
  1040 | D:1      | HP: 1/27 [poisoned by an adder]
  1061 | D:2      | Reached XP level 4. HP: 25/33 MP: 4/4
  1123 | D:2      | Gained mutation: You are frail. (-10% HP) [hidden defects]
  1699 | D:2      | Lost mutation: You possess an exceptional clarity of mind.
                  | [hidden defects]
  1699 | D:2      | Lost mutation: You have hidden genetic defects. [hidden
                  | defects expressed]
  1925 | D:3      | Reached XP level 5. HP: 27/34 MP: 5/5
  2258 | D:3      | Identified the +0 leather armour of Resilience {rF+ rN+
                  | Int+6}
  2310 | D:3      | Slain by a gnoll

Illustrated notes

Levels and vault maps discovered:
D:1:      eino_arrival_druids_welcome, layout_basic, serial_shops,
          nicolae_square_shop, serial_bayou_pond_e
D:2:      layout_basic, st_stairs_6, dreamdust_princess_corridor,
          minmay_rat_gold_closets
D:3:      layout_loops_ring, kennysheep_flooded_box, st_stairs_3

Skill      XL: |  1  2  3  4 |
---------------+-------------+-----
Fighting       | 4 |  4.8
Dodging        | 4 |  4.6
Long Blades    | |  2.0
Shields        | |  3.0

Action                     |  1- 3 |  4- 6 || total
---------------------------+-------+-------++-------
  Melee: Long sword        |    58 |    63 ||   121
         Constrict         |    14 |    20 ||    34
         Tentacles         |     9 |    10 ||    19
    Use: Potion            |     3 |     1 ||     4
   Stab: Sleeping          |    11 |    10 ||    21
 Armour: Skin              |    41 |    29 ||    70
  Dodge: Dodged            |    33 |    36 ||    69
  Block: Buckler           |    13 |    14 ||    27

Table legend: (Time is in decaauts)
 A = Elapsed time spent in this place.
 B = Non-inter-level travel time spent in this place.
 C = Inter-level travel time spent in this place.
 D = Time resting spent in this place.
 E = Time spent auto-exploring this place.
 F = Levels seen in this place.
 G = Mean time per level.
                   A        B        C        D        E       F      G
               +--------+--------+--------+--------+--------+-----+--------+
         Total |   2351 |   2262 |     89 |      0 |   1870 |   3 |  783.7 |
       Dungeon |   2351 |   2262 |     89 |      0 |   1870 |   3 |  783.7 |
               +--------+--------+--------+--------+--------+-----+--------+

Top non-repeatable levels by time:
     D:1: 1047 daAuts
     D:2: 738 daAuts
     D:3: 565 daAuts
